 Dungeon Crawl Stone Soup version 0.27.1-33-g824d729ab1 (webtiles) character file.

Game seed: 2800026795311823410

70 lonewolfV2 the Gusty (level 4, 0/24 HPs)
             Began as a Tengu Air Elementalist on Dec 10, 2021.
             Was a Believer of Makhleb.
             Killed by divine providence
             ... invoked by an orc priest
              (9 damage)
             ... on level 3 of the Dungeon.
             The game lasted 00:08:15 (2483 turns).

lonewolfV2 the Gusty (Tengu Air Elementalist)       Turns: 2483, Time: 00:08:15

Health: 0/24       AC:  2    Str:  9    XL:     4   Next: 21%
Magic:  1/9        EV: 12    Int: 16    God:    Makhleb [**....]
Gold:   116        SH:  0    Dex: 14    Spells: 5/8 levels left

rFire    . . .     SeeInvis .   (no weapon)
rCold    . . .     Faith    .   (no shield)
rNeg     . . .     Spirit   .   a - +0 robe
rPois    .         Reflect  .   (helmet restricted)
rElec    .         Harm     .   (no cloak)
rCorr    .         Rampage  .   (no gloves)
Will     +....                  (boots unavailable)
Stlth    ++........             (no amulet)
HPRegen  0.08/turn              f - ring of willpower
MPRegen  0.11/turn              (no ring)

@: no status effects
A: beak, talons 3
a: Renounce Religion, Minor Destruction


You were on level 3 of the Dungeon.
You worshipped Makhleb.
Makhleb was pleased with you.
You visited 1 branch of the dungeon, and saw 3 of its levels.

You collected 116 gold pieces.

Inventory:

Armour
 a - a +0 robe (worn)
Jewellery
 f - a ring of willpower (left hand)
Scrolls
 e - a scroll of magic mapping {unknown}
 g - a scroll of torment {unknown}
 h - a scroll of enchant weapon {unknown}
Potions
 b - a potion of brilliance {unknown}
 c - a potion of curing
 d - a potion of ambrosia {unknown}
 i - a potion of haste {unknown}
 j - a potion of flight {unknown}


   Skills:
 + Level 2.3 Dodging
 + Level 2.8 Stealth
 + Level 0.1 Unarmed Combat
 + Level 2.9 Spellcasting
 + Level 2.0 Conjurations
 + Level 4.6 Air Magic


You had 5 spell levels left.
You knew the following spells:

 Your Spells              Type           Power      Damage    Failure   Level
a - Shock                 Conj/Air       52%        1d6       4%          1
b - Static Discharge      Conj/Air       13%        N/A       7%          2

Your spell library contained the following spells:

 Spells                   Type           Power      Damage    Failure   Level
 Swiftness                Air            17%        N/A       9%          3
 Airstrike                Air            8%         N/A       26%         4


Dungeon Overview and Level Annotations

Branches:
Dungeon (3/15)

Altars:
Cheibriados
Gozag
Makhleb

Shops:
D:3 :[[


Innate Abilities, Weirdness & Mutations

You have a beak for a mouth.
You have claws for feet.


Message History

The orc hits you but does no damage.
You barely miss the orc.
The orc is severely wounded.
The orc hits you with a +0 mace.
You barely miss the orc. You claw the orc. You peck the orc, but do no damage.
The orc is almost dead.
The orc barely misses you.
Casting: Shock (safe; 4% risk of failure)
Confirm with . or Enter, or press ? or * to list all spells.
The orc is struck by an arc of lightning!
You kill the orc!
Makhleb accepts your kill.
You feel better.
You are struck by an arc of lightning.
The lightning grounds out.
The orc throws a boomerang.
The boomerang hits you.
* * * LOW HITPOINT WARNING * * *
You feel better.
Casting: Static Discharge (safe; 7% risk of failure)
Confirm with . or Enter, or press ? or * to list all spells.
Aiming: Shock (safe; 4% risk of failure)
Press: ? - help, Shift-Dir - straight line, f - orc
Aim: an orc, wielding a +0 short sword and quivering boomerangs (68% to hit)
The zap misses the orc.
The orc throws a boomerang.
The boomerang barely misses you.
Casting: Shock (safe; 4% risk of failure)
Confirm with . or Enter, or press ? or * to list all spells.
You don't have enough magic to cast this spell.
Unknown command.
The orc throws a boomerang.
The boomerang hits you.
Things that are here:
a +0 mace; a +0 leather armour The orc hits you with a +0 short sword.
You hit the orc.
The orc is lightly wounded.
The orc hits you with a +0 short sword.
You hit the orc. Your kick misses the orc.
The orc is moderately wounded.
The orc completely misses you.
The orc priest mumbles some strange prayers to Beogh against you.
Beogh smites you!
You die...

###################
#.....o@o..#......#
#.###.####.#.####.#
#........# #.# .#
#.####.### #.# .#
........# #.# .#
.######## #.#####
.######## #########
#.....# .##.....##
## #.....(.#
#####.# .##.##..[
..# #.......# #.#


You could see an orc priest and an orc.

Vanquished Creatures
  An orc wizard (D:3)
  An adder (D:3)
  A dart slug (D:1)
  An orc (D:3)
  2 bats
  5 endoplasms
  A giant cockroach (D:1)
  3 goblins
  A hobgoblin (D:1)
  A quokka (D:2)
  A ball python (D:2)
  2 frilled lizards
  9 kobolds
  4 rats
33 creatures vanquished.

Notes
Turn   | Place    | Note
-------+----------+-------------------------------------------
     0 | D:1      | lonewolfV2 the Tengu Air Elementalist began the quest for
                  | the Orb.
     0 | D:1      | Reached XP level 1. HP: 10/10 MP: 4/4
    29 | D:1      | Found a faded altar of an unknown god.
    52 | D:1      | Became a worshipper of Makhleb the Destroyer
    52 | D:1      | Reached * piety under Makhleb
   237 | D:1      | Reached XP level 2. HP: 15/15 MP: 1/6
  1315 | D:2      | Reached XP level 3. HP: 19/19 MP: 5/7
  1350 | D:2      | Learned a level 2 spell: Static Discharge
  2035 | D:3      | Found Ojib's Armour Emporium.
  2099 | D:3      | Reached ** piety under Makhleb
  2122 | D:3      | Found a burning altar of Makhleb.
  2123 | D:3      | Found an opulent altar of Gozag.
  2123 | D:3      | Found a snail-covered altar of Cheibriados.
  2166 | D:3      | Found Wosk's Book Shoppe.
  2172 | D:3      | Found Atrozim's Antique Armour Shoppe.
  2472 | D:3      | Reached XP level 4. HP: 8/24 MP: 2/9
  2483 | D:3      | Killed from afar by an orc priest

Illustrated notes

Levels and vault maps discovered:
D:1:      minmay_arrival_diagonal_passages, layout_loops_ring,
          ebering_ecumenical_altar_box, ebering_dispersal_statue_hall,
          hex_medium
D:2:      layout_loops_ring, kennysheep_cross_room, mrwooster_statue_mirror,
          minmay_goblin_kobold_house
D:3:      layout_loops_cross, gammafunk_temple_overflow_forgotten, serial_shops,
          shop, nicolae_shop_trees, nicolae_square_shop, shop, shop

Skill      XL: |  1  2  3 |
---------------+----------+-----
Conjurations   | 2 |  2.0
Dodging        | |  2.3
Stealth        | |  2.8
Unarmed Combat | |  0.1
Spellcasting   | |  2.9
Air Magic      | |  4.6

Action                   |  1- 3 |  4- 6 || total
-------------------------+-------+-------++-------
Melee: Unarmed           |     8 |     5 ||    13
       Kick              |     1 |     1 ||     2
       Peck              |     1 |     1 ||     2
 Cast: Shock             |    54 |     1 ||    55
       Static Discharge  |     6 |     1 ||     7
  Use: Potion            |       |     2 ||     2
Armor: Robe              |     5 |     1 ||     6
Dodge: Dodged            |     9 |     3 ||    12
